 Dungeon Crawl Stone Soup version 0.24-a0-291-g79c1ce7 (webtiles) character file.

Game seed: 2285609079364195565

22 Hylith the Stinger (level 2, -1/18 HPs)
             Began as an Octopode Venom Mage on May 9, 2019.
             Slain by a worker ant (4 damage)
             ... on level 2 of the Dungeon.
             The game lasted 00:03:12 (840 turns).

Hylith the Stinger (Octopode Venom Mage)             Turns: 840, Time: 00:03:13

Health: -1/18      AC:  1    Str:  7    XL:     2   Next: 91%
Magic:  3/5        EV: 13    Int: 17    God:
Gold:   18         SH:  0    Dex: 12    Spells: 4/5 levels left

rFire    . . .     SeeInvis .   g - +1 spear (venom)
rCold    . . .     Gourm    .   (no shield)
rNeg     . . .     Faith    .   (helmet restricted)
rPois    .         Spirit   .   (no amulet)
rElec    .         Reflect  .   (no ring)
rCorr    .         Harm     .   (no ring)
MR       .....                  (no ring)
Stlth    +++.......             (no ring)
HPRegen  0.06/turn              (no ring)
MPRegen  0.09/turn              (no ring)
                                (no ring)
                                (no ring)

@: lethally poisoned (-1 -> -16)
A: almost no armour, stealthy swim, amphibious, 8 rings, constrict 8, camouflage
1, gelatinous body 1
a: no special abilities


You were on level 2 of the Dungeon.
You were not hungry.

You visited 1 branch of the dungeon, and saw 2 of its levels.

You collected 18 gold pieces.

Inventory:

Hand Weapons
 f - a +3 hand axe
 g - a +1 spear of venom (weapon)
Scrolls
 a - 2 scrolls of remove curse {unknown}
 d - a scroll of teleportation {unknown}
 e - 2 scrolls of identify {unknown}
Potions
 c - a potion of lignification {unknown}
 h - 2 potions of cancellation {unknown}
 i - a potion of mutation {unknown}
Comestibles
 b - 2 rations


   Skills:
 + Level 0.7 Fighting
 + Level 2.2 Dodging
 + Level 3.3 Stealth
 + Level 2.1 Spellcasting
 + Level 1.3 Conjurations
 + Level 3.8 Poison Magic


You had 4 spell levels left.
You knew the following spells:

 Your Spells              Type           Power        Failure   Level  Hunger
a - Sting                 Conj/Pois      ##..         7%          1    #......

Your spell library contained the following spells:

 Spells                   Type           Power        Failure   Level  Hunger
 Poisonous Vapours        Pois/Air       #.....       13%         2    ###....
 Mephitic Cloud           Conj/Pois/Air  #.......     28%         3    ###....
 Olgreb's Toxic Radiance  Pois           ##......     36%         4    #####..
 Venom Bolt               Conj/Pois      ##........   88%         5    ######.


Dungeon Overview and Level Annotations

Branches:
Dungeon (2/15)

Altars:


Innate Abilities, Weirdness & Mutations

You cannot wear most types of armour.
You are very stealthy in the water. (Stealth+)
You are amphibious.
You can wear up to eight rings at the same time.
You can use your tentacles to constrict eight enemies at once.
Your skin changes colour to match your surroundings (Stealth+).
Your rubbery body absorbs attacks. (AC +1, EV +1)


Message History

You are lethally poisoned!
The worker ant poisons you!
Attack whom?
Press: ? - help, Dir - move target cursor, f/p - worker ant
Aim: a worker ant (heavily wounded, poisoned)
You hit the worker ant but do no damage.
The worker ant looks even sicker.
Your grab misses the worker ant.
The worker ant is heavily wounded.
You feel sick. The worker ant barely misses you.
Attack whom?
Press: ? - help, Dir - move target cursor, f/p - worker ant
Aim: a worker ant (severely wounded, poisoned)
You hit the worker ant but do no damage.
The worker ant looks as sick as possible!
You grab the worker ant.
The worker ant is severely wounded.
You constrict the worker ant.
You feel sick. The worker ant bites you.
* * * LOW HITPOINT WARNING * * *
The worker ant bites you.
You die...

....###..####....#
##### #[.# #....#
#..# #....# #..#
#....#
#..####....#####+##
#....##.####.......
#....##.# .......
#....##.####.......
#....'....@aS......
##....##.####.......
#.....'.....+.......
##....#######.....[.
###### .......
....... .......
##.####


You could see a worker ant and an adder.

Vanquished Creatures
  A dart slug (D:1)
  2 bats (D:1)
  2 giant cockroaches (D:1)
  A goblin (D:1)
  4 hobgoblins (D:1)
  2 kobolds
  2 frilled lizards (D:1)
  6 rats (D:1)
20 creatures vanquished.

Notes
Turn   | Place    | Note
-------+----------+-------------------------------------------
     0 | D:1      | Hylith the Octopode Venom Mage began the quest for the Orb.
     0 | D:1      | Reached XP level 1. HP: 11/11 MP: 3/3
   128 | D:1      | Reached XP level 2. HP: 18/18 MP: 0/5
   840 | D:2      | Slain by a worker ant

Levels and vault maps discovered:
D:1:      lightli_arrival_quake, layout_loops_cross, minmay_vboxes
D:2:      layout_basic, old_standard_altar, first_ration,
          chequers_ecumenical_altar_lobes

Skill      XL: |  1  2 |
---------------+-------+-----
Stealth        | 3 |  3.3
Fighting       | |  0.7
Dodging        | |  2.2
Spellcasting   | |  2.1
Conjurations   | |  1.3
Poison Magic   | |  3.8

Action                   || total
-------------------------++-------
Melee: Hand axe          ||     5
       Spear             ||     5
       Constrict         ||     5
       Unarmed           ||     3
       Tentacles         ||     1
 Cast: Sting             ||    28
Armor: Skin              ||     4
Dodge: Dodged            ||    13

Table legend:
 A = Non-vault XP
 B = Vault XP
 C = Vault XP percentage of total XP
 D = Non-vault monster count
 E = Vault monster count
 F = Vault count percentage of total count
                 A         B        C        D         E       F
            +---------+---------+-------+---------+---------+-------
      Total |      20 |      12 |  37.5 |      13 |       7 |  35.0
            +---------+---------+-------+---------+---------+-------
        D:1 |      19 |      12 |  38.7 |      12 |       7 |  36.8
        D:2 |       1 |       0 |   0.0 |       1 |       0 |   0.0
            +---------+---------+-------+---------+---------+-------
